 Dungeon Crawl Stone Soup version 0.30-a0-743-gbfdf073431 (webtiles) character file.

Game seed: 8774221822116203667

998 Newt the Chucker (level 8, -1/48 (60) HPs)
             Began as a Demonspawn Gladiator on Feb 6, 2023.
             Was an Initiate of Makhleb.
             Slain by Edmund
             ... wielding a +3 flail of draining
              (5 damage)
             ... on level 6 of the Dungeon.
             The game lasted 00:06:34 (4984 turns).

Newt the Chucker (Demonspawn Gladiator)             Turns: 4984, Time: 00:06:34

HP:   -1/48 (60)    AC: 13    Str: 16      XL:     8   Next: 0%
MP:   8/8           EV: 12    Int: 10      God:    Makhleb [......]
Gold: 701           SH:  0    Dex: 13 (15) Spells: 7/7 levels left

rFire   . . .      SeeInvis .    F - +4 shortbow (chaos)
rCold   + . .      Faith    .    (shield currently unavailable)
rNeg    . . .      Spirit   .    q - +0 leather armour {rC+}
rPois   .          Reflect  .    f - +2 hat
rElec   .          Harm     .    (no cloak)
rCorr   .          Rampage  .    x - +0 pair of gloves
Will    .....      Clarity  +    (no boots)
Stlth   ++                       (no amulet)
HPRegen 0.28/turn                o - +4 ring of protection
MPRegen 0.11/turn                (no ring)

@: heavily drained
A: hooves 1, slimy green scales 2, demonic guardian 1, clarity, deterioration 1
a: Renounce Religion


You were on level 6 of the Dungeon.
You worshipped Makhleb.
Makhleb was noncommittal.
You visited 1 branch of the dungeon, and saw 6 of its levels.

You collected 1201 gold pieces.
You spent 500 gold pieces at shops.

Inventory:

Hand Weapons
 a - a +0 rapier of venom
 E - a +2 hand axe of freezing
 F - a +4 shortbow of chaos (weapon)
Missiles
 e - a javelin
 B - 3 boomerangs
Armour
 b - a +1 leather armour
 c - a +0 helmet
 f - a +2 hat (worn)
 q - a +0 leather armour of cold resistance (worn)
 x - a +0 pair of gloves (worn)
Jewellery
 o - a +4 ring of protection (left hand)
Wands
 z - a wand of mindburst (13)
Scrolls
 h - 2 scrolls of teleportation
 i - 2 scrolls of fog
 k - 3 scrolls of poison
 n - a scroll of enchant armour
 u - a scroll of blinking
Potions
 g - 2 potions of degeneration
 j - 5 potions of curing
 m - 2 potions of ambrosia
 p - a potion of berserk rage
 r - a potion of cancellation
 s - a potion of flight {unknown}
 v - 2 potions of lignification
 w - a potion of heal wounds {unknown}
 A - a potion of attraction {unknown}
 C - 2 potions of might {unknown}


   Skills:
 - Level 4.0 Fighting
 - Level 5.0 Short Blades
 + Level 2.3 Ranged Weapons
 - Level 6.0 Throwing
 - Level 2.6 Dodging
 - Level 1.5 Stealth


You had 7 spell levels left.
You didn't know any spells.
Your spell library contained the following spells:

 Spells                   Type           Power      Damage    Failure   Level
 Freeze                   Ice            0%         1d3       43%         1
 Magic Dart               Conj           0%         1d3       43%         1
 Call Imp                 Summ           0%         N/A       56%         2
 Frozen Ramparts          Ice            0%         1d1       80%         3
 Hailstorm                Conj/Ice       0%         3d3       80%         3
 Mephitic Cloud           Conj/Pois/Air  0%         N/A       80%         3
 Ozocubu's Armour         Ice            0%         N/A       80%         3
 Stone Arrow              Conj/Erth      0%         3d7       80%         3
 Animate Armour           Summ/Erth      0%         N/A       99%         4
 Metabolic Englaciation   Hex/Ice        0%         N/A       100%        5
 Simulacrum               Ice/Necr       0%         N/A       100%        6
 Lehudib's Crystal Spear  Conj/Erth      0%         10d2      100%        8


Dungeon Overview and Level Annotations

Branches:
Dungeon (6/15)
 Temple: D:4-7

Altars:
Makhleb
Wu Jian

Shops:
D:1 *   D:2 [   D:5 (=[(

Annotations:
D:6 Edmund, Sigmund


Innate Abilities, Weirdness & Mutations

You have large cloven feet.
You are mostly covered in slimy green scales. (AC +3)
A weak demonic guardian rushes to your aid.
You possess an exceptional clarity of mind.
Your body sometimes deteriorates upon taking damage.


Message History

Sigmund zaps a wand.
The puff of flame hits you!
A demonic guardian appears!
Your shadow imp closely misses Edmund.
Throw: 2 throwing nets
Press: ? - help, Shift-Dir - straight line, f/p - Edmund
Aim: Edmund, wielding a +3 flail of draining and wearing a +3 chain mail of cold resistance (lightly wounded, ally target, 71% to hit)
You throw a throwing net. The throwing net barely misses Edmund.
Edmund hits you but does no damage.
You feel drained. Edmund attacks as you move away! Edmund misses you.
Your shadow imp hits Edmund but does no damage.
Sigmund mumbles some strange words.
Sigmund flickers and vanishes!
Deactivating autopickup; reactivate with Ctrl-A.
Throw: throwing net
Press: ? - help, Shift-Dir - straight line, f/p - Edmund
Aim: Edmund, wielding a +3 flail of draining and wearing a +3 chain mail of cold resistance (lightly wounded, ally target, 71% to hit)
You throw a throwing net. The throwing net closely misses Edmund.
Your shadow imp gestures at Edmund.
Edmund writhes in agony.
Edmund hits you but does no damage.
You feel drained. Edmund attacks as you move away!
Edmund hits you with a +3 flail of draining.
You feel drained.
Edmund says, "People will remember me!
They'll remember me and die!"
Edmund attacks as you move away!
Edmund hits you with a +3 flail of draining!
Your body deteriorates!
You feel clumsy.
You feel drained.
* * * LOW HITPOINT WARNING * * *
Edmund attacks as you move away!
Edmund hits you with a +3 flail of draining.
* * * LOW HITPOINT WARNING * * *
You feel drained.
* * * LOW HITPOINT WARNING * * *
Edmund attacks as you move away!
Edmund hits you with a +3 flail of draining.
* * * LOW HITPOINT WARNING * * *
You feel drained.
* * * LOW HITPOINT WARNING * * *
Edmund attacks as you move away!
Edmund hits you with a +3 flail of draining.
You die...

##...O.# ###...##.#
###...####.#
##..O### #.# #..{##
#.# ##...###
##.#######..
###..5###...........
###O..##.#@#.####
###...####.#@#.#
#...###
#.#.#.####### #..@##
##....<.......
##...#
#....#########
###.O. ####........
##.. #.####### ..#
#+# ... ..


You could see Edmund.

Vanquished Creatures
  Menkaure (D:5)
  A bullfrog (D:6)
  5 scorpions
  A jelly (D:5)
  3 hounds
  An orc priest (D:5)
  2 iguanas
  3 orc wizards
  5 gnolls
  9 adders
  An ufetubus (D:4)
  A worm (D:2)
  4 dart slugs
  21 orcs
  11 endoplasms
  2 giant cockroaches
  7 hobgoblins
  5 jackals
  2 quokkas
  6 ball pythons
  4 bats
  3 frilled lizards
  4 goblins
  5 kobolds
  5 rats
112 creatures vanquished.

Notes
Turn   | Place    | Note
-------+----------+-------------------------------------------
     0 | D:1      | Newt the Demonspawn Gladiator began the quest for the Orb.
     0 | D:1      | Reached XP level 1. HP: 16/16 MP: 1/1
   148 | D:1      | Reached skill level 1 in Stealth
   252 | D:1      | Found Xic Busm's Assorted Antiques.
   275 | D:1      | Gained mutation: You are partially covered in slimy green
                  | scales. (AC +2) [demonic ancestry]
   275 | D:1      | Reached XP level 2. HP: 22/22 MP: 2/2
   391 | D:1      | Found a faded altar of an unknown god.
   810 | D:1      | Reached XP level 3. HP: 22/29 MP: 3/3
  1006 | D:1      | Bought a scroll labelled KIUFUZXACIN for 16 gold pieces
  1006 | D:1      | Bought a scroll labelled KIUFUZXACIN for 16 gold pieces
  1008 | D:1      | Bought a scroll labelled LOGIWI LOHUATZIQ for 16 gold
                  | pieces
  1008 | D:1      | Bought a scroll labelled MEGGOALIXE for 16 gold pieces
  1008 | D:1      | Bought a scroll labelled XOSUQI QAAPT for 16 gold pieces
  1266 | D:2      | Acquired 935 gold pieces
  1421 | D:2      | Reached XP level 4. HP: 31/37 MP: 4/4
  1557 | D:2      | Found Fiodevo's Antique Armour Shoppe.
  1561 | D:2      | Bought a glowing leather armour for 120 gold pieces
  2117 | D:3      | Gained mutation: A weak demonic guardian rushes to your
                  | aid. [demonic ancestry]
  2117 | D:3      | Reached XP level 5. HP: 42/42 MP: 5/5
  2501 | D:3      | Found a burning altar of Makhleb.
  2873 | D:4      | Reached skill level 5 in Short Blades
  2873 | D:4      | Reached skill level 2 in Throwing
  2873 | D:4      | Gained mutation: You are mostly covered in slimy green
                  | scales. (AC +3) [demonic ancestry]
  2873 | D:4      | Reached XP level 6. HP: 40/48 MP: 6/6
  3070 | D:4      | Reached skill level 3 in Throwing
  3683 | D:3      | Found an ornate altar of the Wu Jian Council.
  3695 | D:3      | Became a worshipper of Makhleb the Destroyer
  3707 | D:5      | Entered Level 5 of the Dungeon
  3741 | D:5      | Reached skill level 4 in Throwing
  3756 | D:5      | Gained mutation: You have large cloven feet. [demonic
                  | ancestry]
  3756 | D:5      | Reached XP level 7. HP: 20/54 MP: 7/7
  3906 | D:5      | Found Femiy's Jewellery Emporium.
  4016 | D:5      | Found Yhasurul's Weapon Shop.
  4035 | D:5      | Reached skill level 5 in Throwing
  4087 | D:5      | Bought a +4 shortbow for 300 gold pieces
  4165 | D:5      | Found Jenaust's Weapon Emporium.
  4166 | D:5      | Noticed Menkaure
  4178 | D:5      | Killed Menkaure
  4179 | D:5      | Reached skill level 6 in Throwing
  4429 | D:5      | Gained mutation: Your mind is acute. (Int +4, Str/Dex -1)
                  | [potion of mutation]
  4429 | D:5      | Gained mutation: Your body sometimes deteriorates upon
                  | taking damage. [potion of mutation]
  4429 | D:5      | Gained mutation: You are frail. (-10% HP) [potion of
                  | mutation]
  4448 | D:5      | Reached skill level 1 in Ranged Weapons
  4679 | D:5      | Lost mutation: You are frail. (-10% HP) [potion of
                  | mutation]
  4679 | D:5      | Lost mutation: Your body sometimes deteriorates upon taking
                  | damage. [potion of mutation]
  4679 | D:5      | Lost mutation: Your mind is acute. (Int +4, Str/Dex -1)
                  | [potion of mutation]
  4679 | D:5      | Gained mutation: Your body sometimes deteriorates upon
                  | taking damage. [potion of mutation]
  4680 | D:5      | Lost mutation: Your body sometimes deteriorates upon taking
                  | damage. [potion of mutation]
  4680 | D:5      | Gained mutation: You possess an exceptional clarity of
                  | mind. [potion of mutation]
  4680 | D:5      | Gained mutation: Your body sometimes deteriorates upon
                  | taking damage. [potion of mutation]
  4724 | D:5      | Found Acvaut's Armour Shop.
  4878 | D:6      | Reached XP level 8. HP: 60/60 MP: 8/8
  4947 | D:6      | Noticed Sigmund
  4952 | D:6      | Noticed Edmund
  4984 | D:6      | Slain by Edmund

Illustrated notes

Levels and vault maps discovered:
D:1:      dpeg_arrival_boxorama, layout_basic, serial_shops, shop,
          hellmonk_ecumenical_altar_lost_god
D:2:      layout_loops_ring, serial_shops, shop
D:3:      layout_loops_cross, nicolae_overflow_hidden_temple, zin_academy
D:4:      layout_cave_pools, kennysheep_potato
D:5:      layout_rooms, serial_shops, nicolae_shop_advertising_works
          [nicolae_subvault_shop_adworks], shop, shop, nicolae_diamond_shop,
          uniq_menkaure
D:6:      layout_basic, lemuel_zombie_altar_yredelemnul, serial_shops,
          nicolae_shop_hallway_plus, serial_curves, eino_curves_03,
          eino_curves_03, sigmund_edmund_badplayer

Skill      XL: |  1  2  3  4  5  6  7 |
---------------+----------------------+-----
Stealth        | 1 |  1.5
Fighting       | 3 4 |  4.0
Short Blades   | 3 5 |  5.0
Throwing       | 2 4 6 |  6.0
Ranged Weapons | 2 |  2.3
Dodging        | |  2.6

Action                     |  1- 3 |  4- 6 |  7- 9 || total
---------------------------+-------+-------+-------++-------
  Melee: Rapier            |    96 |   230 |    29 ||   355
         Punch             |     1 |     2 |       ||     3
         Kick              |       |       |     2 ||     2
   Fire: Shortbow          |       |       |    34 ||    34
  Throw: Throwing net      |     1 |       |     2 ||     3
         Javelin           |     1 |       |       ||     1
    Use: Scroll            |     7 |     3 |     6 ||    16
         Potion            |       |     2 |     3 ||     5
   Stab: Sleeping          |     2 |     6 |       ||     8
         Distracted        |       |     1 |       ||     1
 Armour: Leather armour    |    24 |   115 |    28 ||   167
  Dodge: Dodged            |    59 |   158 |    38 ||   255

Table legend: (Time is in decaauts)
 A = Elapsed time spent in this place.
 B = Non-inter-level travel time spent in this place.
 C = Inter-level travel time spent in this place.
 D = Time resting spent in this place.
 E = Time spent auto-exploring this place.
 F = Levels seen in this place.
 G = Mean time per level.
                   A        B        C        D        E       F      G
               +--------+--------+--------+--------+--------+-----+--------+
         Total |   5001 |   4771 |    230 |    693 |   3163 |   6 |  833.5 |
       Dungeon |   5001 |   4771 |    230 |    693 |   3163 |   6 |  833.5 |
               +--------+--------+--------+--------+--------+-----+--------+

Top non-repeatable levels by time:
     D:1: 1262 daAuts
     D:5: 1139 daAuts
     D:3: 904 daAuts
     D:4: 824 daAuts
     D:2: 720 daAuts
     D:6: 149 daAuts
